 Dungeon Crawl Stone Soup version 0.27.1-33-g824d729ab1 (webtiles) character file.

Game seed: 5024226922661873134

1 MisterFreud the Protected (level 1, 0/13 HPs)
             Began as a Gnoll Wanderer on Dec 20, 2021.
             Slain by a quokka (1 damage)
             ... on level 1 of the Dungeon.
             The game lasted 00:00:41 (309 turns).

MisterFreud the Protected (Gnoll Wanderer)           Turns: 309, Time: 00:00:41

Health: 0/13       AC:  2    Str: 11    XL:     1   Next: 20%
Magic:  4/4        EV:  8    Int:  8    God:
Gold:   0          SH:  8    Dex: 14    Spells: 4/5 levels left

rFire    . . .     SeeInvis .   a - +0 dagger
rCold    . . .     Faith    .   c - +0 kite shield
rNeg     . . .     Spirit   .   b - +0 robe
rPois    .         Reflect  .   (no helmet)
rElec    .         Harm     .   (no cloak)
rCorr    .         Rampage  .   (no gloves)
Will     +....                  (no boots)
Stlth    +.........             (no amulet)
HPRegen  0.04/turn              d - ring of willpower
MPRegen  0.09/turn              (no ring)

@: no status effects
A: fangs 1, strong nose, distributed training
a: no special abilities


You were on level 1 of the Dungeon.
You visited 1 branch of the dungeon, and saw 1 of its levels.

Inventory:

Hand Weapons
 a - a +0 dagger (weapon)
Armour
 b - a +0 robe (worn)
 c - a +0 kite shield (worn)
Jewellery
 d - a ring of willpower (left hand)


   Skills:
 + Level 0.0 Fighting
 + Level 0.0 Short Blades
 + Level 0.0 Long Blades
 + Level 0.0 Axes
 + Level 0.0 Maces & Flails
 + Level 0.0 Polearms
 + Level 0.0 Staves
 + Level 0.0 Slings
 + Level 0.0 Bows
 + Level 2.3 Crossbows
 + Level 2.3 Throwing
 + Level 8.4 Armour
 + Level 0.0 Dodging
 + Level 0.0 Stealth
 + Level 2.3 Shields
 + Level 0.0 Unarmed Combat
 + Level 2.6 Spellcasting
 + Level 0.0 Conjurations
 + Level 0.0 Hexes
 + Level 0.0 Summonings
 + Level 0.0 Necromancy
 + Level 0.0 Translocations
 + Level 0.0 Transmutations
 + Level 3.6 Fire Magic
 + Level 0.0 Ice Magic
 + Level 0.0 Air Magic
 + Level 0.0 Earth Magic
 + Level 0.0 Poison Magic
 + Level 0.0 Invocations
 + Level 0.0 Evocations


You had 4 spell levels left.
You knew the following spells:

 Your Spells              Type           Power      Damage    Failure   Level
a - Foxfire               Conj/Fire      12%        2x1d4     63%         1

Your spell library contained the following spells:

 Spells                   Type           Power      Damage    Failure   Level
 Corpse Rot               Necr/Air       N/A        N/A       95%         2
 Sublimation of Blood     Necr           0%         N/A       95%         2
 Ignite Poison            Fire/Tmut/Pois 2%         N/A       97%         3


Dungeon Overview and Level Annotations

Branches:
Dungeon (1/15)

Altars:


Innate Abilities, Weirdness & Mutations

You have very sharp teeth.
Your uncanny sense of smell can sniff out nearby items.
Your experience applies equally to all skills.


Message History

The endoplasm freezes you.
You are frozen.
* * * LOW HITPOINT WARNING * * *
You hit the endoplasm.
You kill the endoplasm!
You start resting.
HP restored.
A rat, a quokka and 2 kobolds come into view.
The kobold shouts!
The kobold throws a stone.
The stone barely misses you.
The kobold throws a stone.
You block the stone.
The kobold shouts!
The kobold throws a stone.
The stone closely misses you.
A hobgoblin comes into view.
A quokka and a hobgoblin come into view.
The hobgoblin shouts!
The kobold hits you with a +0 short sword.
The hobgoblin shouts!
You hear a shout!
A gnoll comes into view. It is wielding a +2 whip of venom.
You block the kobold's attack.
The quokka twitches its whiskers.
The kobold hits you but does no damage.
The quokka twitches its whiskers.
The quokka bites you.
The kobold throws a stone.
The stone barely misses you. The quokka barely misses you.
The quokka barely misses you.
The kobold throws a stone.
The stone hits you but does no damage. The hobgoblin hits you.
The kobold hits you with a +0 short sword.
Found a stone staircase leading down.
The gnoll hits you but does no damage. You block the hobgoblin's attack.
The kobold throws a stone.
The stone hits you but does no damage. The quokka closely misses you.
The quokka bites you.
* * * LOW HITPOINT WARNING * * *
You block the quokka's attack. The quokka bites you.
* * * LOW HITPOINT WARNING * * *
The quokka twitches its whiskers.
The quokka bites you.
You die...

#..K# #.#.'....8....#
###...# #.#.#.....§...#
#.....# #.#.#§..)§§...#
#.....###...#8§≈≈§§≈≈8#
##...K##^...###########
#....Kg.........
##..............
#...g.rg.......
##..(rr@.......
#.#..#........
.........#......
........#.......
.......>####.#..
....... . . #...... ##
#.#.##


You could see a gnoll, 2 quokkas, 2 hobgoblins, 2 kobolds and a rat.

Vanquished Creatures
  An endoplasm (D:1)
1 creature vanquished.

Notes
Turn   | Place    | Note
-------+----------+-------------------------------------------
     0 | D:1      | MisterFreud the Gnoll Wanderer began the quest for the Orb.
     0 | D:1      | MisterFreud set off with the following items: a +0 dagger,
                  | a +0 robe, a +0 kite shield; and the following spell
                  | memorised: Foxfire; and the following spells available to
                  | memorise: Corpse Rot, Sublimation of Blood, Ignite Poison
     0 | D:1      | Reached XP level 1. HP: 13/13 MP: 4/4
   309 | D:1      | Slain by a quokka

Illustrated notes

Levels and vault maps discovered:
D:1:      lightli_arrival_noodles, layout_rooms,
          dreamdust_ecumenical_altar_drowned_temple, minmay_bisected

Action                   || total
-------------------------++-------
Melee: Dagger            ||     3
Armor: Robe              ||     4
Dodge: Dodged            ||     6
Block: Kite shield       ||     4
